NCAA
IOWA STATE CYCLONES @ WASHINGTON STATE COUGARS
05/14/2030
 
TOP OF THE 1ST
Iowa State Cyclones batting - Pitching for Washington State Cougars : RHP Nick Olson
Pitching: RHP Nick Olson
Batting: LHB Marty Gómez 0-0: Foul Ball, location: 2F
0-1: Swinging Strike
0-2: Ball
1-2: Strikes out swinging
Batting: LHB Andrew Chambers 0-0: Called Strike
0-1: Called Strike
0-2: Foul Ball, location: 2F
0-2: Ground out U3 (Groundball, 34)
Batting: LHB Alberto Paz 0-0: Ball
1-0: Ball
2-0: Ball
3-0: Called Strike
3-1: Base on Balls
Batting: RHB Danny Gilbert 0-0: Ball
Alberto Paz is caught stealing 2nd base
Top of the 1st over - 0 runs, 0 hits, 0 errors, 0 left on base; Iowa State 0 - Washington State 0
BOTTOM OF THE 1ST
Washington State Cougars batting - Pitching for Iowa State Cyclones : LHP Barry Perkins
Pitching: LHP Barry Perkins
Batting: LHB Sergio Molina 0-0: Bunt missed!
0-1: Ground out 4-3 (Groundball, 4)
Batting: RHB Riley Lewis 0-0: Called Strike
0-1: Ball
1-1: Ball
2-1: Ground out 5-3 (Groundball, 56S)
Batting: RHB Jesse Pérez 0-0: Called Strike
0-1: Ball
1-1: Ball
2-1: Ball
3-1: Called Strike
3-2: Base on Balls
Batting: LHB Bob Hayes 0-0: Ball
1-0: Ball
2-0: Called Strike
2-1: Fielders Choice at 2nd, 5-4 (Groundball, 56)
Bottom of the 1st over - 0 runs, 0 hits, 0 errors, 1 left on base; Iowa State 0 - Washington State 0
TOP OF THE 2ND
Iowa State Cyclones batting - Pitching for Washington State Cougars : RHP Nick Olson
Batting: RHB Danny Gilbert 0-0: Ball
1-0: Called Strike
1-1: Fly out, F8 (Flyball, 8LS)
Batting: LHB Dale González 0-0: Ball
1-0: Foul Ball, location: 2F
1-1: Ball
2-1: Foul Ball, location: 2F
2-2: DOUBLE (Groundball, 5L)
Batting: RHB Johnny Matthews 0-0: Ball
1-0: Foul Ball, location: 2F
1-1: Ball
2-1: Foul Ball, location: 2F
2-2: Fly out, F7 (Flyball, 7S)
Batting: SHB Octávio Longoria 0-0: Ball
1-0: Ball
2-0: Ball
3-0: Called Strike
3-1: SINGLE (Line Drive, 7S)
Dale González to third
Runner from 3rd tries for Home, SAFE, no throw
Batting: RHB Jimmy Stokes 0-0: Ground out 6-3 (Groundball, 6S)
Top of the 2nd over - 1 run, 2 hits, 0 errors, 1 left on base; Iowa State 1 - Washington State 0
BOTTOM OF THE 2ND
Washington State Cougars batting - Pitching for Iowa State Cyclones : LHP Barry Perkins
Batting: RHB Joe Lowe 0-0: Ball
1-0: Called Strike
1-1: SINGLE (Groundball, 4MD)
Batting: RHB Ernest Richter 0-0: Ball
1-0: Ball
Pickoff Throw by Catcher to First - Out!
2-0: Ball
3-0: Base on Balls
Batting: RHB Alfonso Sánchez 0-0: Ball
1-0: Ball
2-0: Foul Ball, location: 2F
2-1: Foul Ball, location: 2F
2-2: Strikes out swinging
Batting: LHB Andrew Guerrero 0-0: Called Strike
0-1: Ball
1-1: Ball
2-1: Called Strike
2-2: SINGLE (Flyball, 34D)
Ernest Richter to second
Batting: RHB Charlie Owens 0-0: Ball
1-0: Swinging Strike
1-1: Ball
2-1: Foul Ball, location: 2F
2-2: Fly out, F5 (Line Drive, 5)
Bottom of the 2nd over - 0 runs, 2 hits, 0 errors, 2 left on base; Iowa State 1 - Washington State 0
TOP OF THE 3RD
Iowa State Cyclones batting - Pitching for Washington State Cougars : RHP Nick Olson
Batting: RHB Ollie Johnson 0-0: Ball
1-0: Called Strike
1-1: Ball
2-1: Ball
3-1: Foul Ball, location: 2F
3-2: Strikes out swinging
Batting: LHB Marty Gómez 0-0: Called Strike
0-1: Foul Ball, location: 2F
0-2: Ball
1-2: Ball
2-2: Strikes out looking
Batting: LHB Andrew Chambers 0-0: Ground out 6-3 (Groundball, 56)
Top of the 3rd over - 0 runs, 0 hits, 0 errors, 0 left on base; Iowa State 1 - Washington State 0
BOTTOM OF THE 3RD
Washington State Cougars batting - Pitching for Iowa State Cyclones : LHP Barry Perkins
Batting: LHB Sergio Molina 0-0: Ball
1-0: Swinging Strike
1-1: Ball
2-1: Ball
3-1: Foul Ball, location: 2F
3-2: Base on Balls
Batting: RHB Riley Lewis 0-0: Ball
1-0: Ball
2-0: Ball
3-0: Called Strike
3-1: Foul Ball, location: 2F
3-2: Foul Ball, location: 2F
3-2: Strikes out swinging
Batting: RHB Jesse Pérez 0-0: Called Strike
0-1: Ball
Sergio Molina is caught stealing 2nd base
1-1: Ball
2-1: Foul Ball, location: 2F
2-2: Strikes out swinging
Bottom of the 3rd over - 0 runs, 0 hits, 0 errors, 0 left on base; Iowa State 1 - Washington State 0
TOP OF THE 4TH
Iowa State Cyclones batting - Pitching for Washington State Cougars : RHP Nick Olson
Batting: LHB Alberto Paz 0-0: TRIPLE (Flyball, 8LXD)
Batting: RHB Danny Gilbert 0-0: Called Strike
0-1: Foul Ball, location: 2F
0-2: Ball
1-2: Strikes out swinging
Batting: LHB Dale González 0-0: Foul Ball, location: 2F
0-1: Ball
1-1: Ball
2-1: 2-RUN HOME RUN (Flyball, 7D), Distance : 350 ft
Batting: RHB Johnny Matthews 0-0: Foul Ball, location: 2F
0-1: Ball
1-1: Fly out, F9 (Flyball, 89S)
Batting: SHB Octávio Longoria 0-0: Fly out, F9 (Flyball, 89D)
Top of the 4th over - 2 runs, 2 hits, 0 errors, 0 left on base; Iowa State 3 - Washington State 0
BOTTOM OF THE 4TH
Washington State Cougars batting - Pitching for Iowa State Cyclones : LHP Barry Perkins
Batting: LHB Bob Hayes 0-0: Called Strike
0-1: Foul Ball, location: 2F
0-2: Foul Ball, location: 2F
0-2: Fly out, F7 (Line Drive, 7)
Batting: RHB Joe Lowe 0-0: Ball
1-0: Ball
2-0: Ball
3-0: Base on Balls
Batting: RHB Ernest Richter 0-0: Ball
1-0: Called Strike
1-1: Foul Ball, location: 2F
1-2: Fly out, F8 (Flyball, 8LS)
Batting: RHB Alfonso Sánchez 0-0: Fly out, F7 (Line Drive, 7)
Bottom of the 4th over - 0 runs, 0 hits, 0 errors, 1 left on base; Iowa State 3 - Washington State 0
TOP OF THE 5TH
Iowa State Cyclones batting - Pitching for Washington State Cougars : RHP Nick Olson
Batting: RHB Jimmy Stokes 0-0: Ball
1-0: Foul Ball, location: 2F
1-1: Ball
2-1: Called Strike
2-2: Ball
3-2: Base on Balls
Batting: RHB Ollie Johnson 0-0: Ball
1-0: Called Strike
1-1: Called Strike
1-2: Foul Ball, location: 2F
1-2: Fly out, F8 (Flyball, 8LD)
Batting: LHB Marty Gómez 0-0: Ball
1-0: Ball
2-0: Called Strike
2-1: Foul Ball, location: 2F
2-2: Ball
3-2: Base on Balls
Jimmy Stokes to second
Batting: LHB Andrew Chambers 0-0: Ball
1-0: Called Strike
1-1: SINGLE (Groundball, 56D)
Jimmy Stokes to third
Marty Gómez to second
Runner from 3rd tries for Home, SAFE, no throw
Batting: LHB Alberto Paz 0-0: Called Strike
0-1: Swinging Strike
0-2: Ball
1-2: Ball
2-2: Ball
3-2: Foul Ball, location: 2F
3-2: Strikes out swinging
Pitching: RHP Rob Engle
Batting: RHB Danny Gilbert 0-0: Ball
1-0: Ball
2-0: Fly out, F8 (Flyball, 8LD)
Top of the 5th over - 1 run, 1 hit, 0 errors, 2 left on base; Iowa State 4 - Washington State 0
BOTTOM OF THE 5TH
Washington State Cougars batting - Pitching for Iowa State Cyclones : LHP Barry Perkins
Batting: LHB Andrew Guerrero 0-0: Ball
1-0: Fly out, F7 (Flyball, 7LDF)
Batting: RHB Charlie Owens 0-0: Called Strike
0-1: Foul Ball, location: 2F
0-2: Strikes out swinging
Batting: LHB Sergio Molina 0-0: Ball
1-0: Called Strike
1-1: SINGLE (Groundball, 4MD)
Batting: RHB Riley Lewis 0-0: Called Strike
0-1: Ball
1-1: Fly out, F3 (Popup, 3L)
Bottom of the 5th over - 0 runs, 1 hit, 0 errors, 1 left on base; Iowa State 4 - Washington State 0
TOP OF THE 6TH
Iowa State Cyclones batting - Pitching for Washington State Cougars : RHP Rob Engle
Batting: LHB Dale González 0-0: Foul Ball, location: 2F
0-1: Ball
1-1: Called Strike
1-2: Foul Ball, location: 2F
1-2: Foul Ball, location: 2F
1-2: Foul Ball, location: 2F
1-2: Hit by Pitch
Batting: RHB Johnny Matthews 0-0: Swinging Strike
0-1: Called Strike
0-2: Strikes out swinging
Batting: SHB Octávio Longoria 0-0: Swinging Strike
0-1: Swinging Strike
0-2: Strikes out swinging
Batting: RHB Jimmy Stokes 0-0: Ball
1-0: Foul Ball, location: 2F
1-1: Called Strike
1-2: Ball
2-2: Strikes out looking
Top of the 6th over - 0 runs, 0 hits, 0 errors, 1 left on base; Iowa State 4 - Washington State 0
BOTTOM OF THE 6TH
Washington State Cougars batting - Pitching for Iowa State Cyclones : LHP Barry Perkins
Pitching: RHP Mike Lovell
Batting: RHB Jesse Pérez 0-0: Ball
1-0: Swinging Strike
1-1: SINGLE (Groundball, 34S) (infield hit)
Batting: LHB Bob Hayes 0-0: 2-RUN HOME RUN (Flyball, 9LD), Distance : 329 ft
Pitching: RHP Samuel Simmons
Batting: RHB Joe Lowe 0-0: Ground out 5-3 (Groundball, 56)
Batting: RHB Ernest Richter 0-0: Ball
1-0: Ball
2-0: Swinging Strike
2-1: Ground out 6-3 (Groundball, 6)
Batting: RHB Alfonso Sánchez 0-0: Ball
1-0: Ball
2-0: Foul Ball, location: 2F
2-1: Ball
3-1: Ground out 4-3 (Groundball, 4)
Bottom of the 6th over - 2 runs, 2 hits, 0 errors, 0 left on base; Iowa State 4 - Washington State 2
TOP OF THE 7TH
Iowa State Cyclones batting - Pitching for Washington State Cougars : RHP Rob Engle
Batting: RHB Ollie Johnson 0-0: Called Strike
0-1: Ball
1-1: Ball
2-1: SINGLE (Groundball, 3D)
Batting: LHB Marty Gómez 0-0: Ball
1-0: Ball
2-0: Called Strike
2-1: Ball
3-1: Base on Balls
Ollie Johnson to second
Batting: LHB Andrew Chambers 0-0: Fielders Choice at 2nd, 1-6 (Groundball, 13)
Ollie Johnson to third
Batting: LHB Alberto Paz 0-0: Called Strike
0-1: Ball
1-1: Ball
Andrew Chambers is caught stealing 2nd base
2-1: Foul Ball, location: 2F
2-2: Ball
3-2: Foul Ball, location: 2F
3-2: Base on Balls
Batting: RHB Danny Gilbert 0-0: Called Strike
0-1: Ball
1-1: Foul Ball, location: 2F
1-2: Strikes out swinging, 2-3 out at first.
Top of the 7th over - 0 runs, 1 hit, 0 errors, 2 left on base; Iowa State 4 - Washington State 2
BOTTOM OF THE 7TH
Washington State Cougars batting - Pitching for Iowa State Cyclones : RHP Samuel Simmons
Batting: LHB Andrew Guerrero 0-0: Ball
1-0: Ball
2-0: Ball
3-0: Called Strike
3-1: Called Strike
3-2: Strikes out swinging
Batting: RHB Charlie Owens 0-0: SINGLE (Groundball, 56D)
Batting: LHB Sergio Molina 0-0: Foul Ball, location: 2F
0-1: Called Strike
0-2: Foul Ball, location: 2F
0-2: Foul Ball, location: 2F
0-2: Strikes out looking
Batting: RHB Riley Lewis 0-0: Swinging Strike
0-1: Ball
1-1: Ball
2-1: SINGLE (Line Drive, 34)
Charlie Owens to second
Batting: RHB Jesse Pérez 0-0: Swinging Strike
0-1: Called Strike
0-2: Ball
1-2: Strikes out swinging
Bottom of the 7th over - 0 runs, 2 hits, 0 errors, 2 left on base; Iowa State 4 - Washington State 2
TOP OF THE 8TH
Iowa State Cyclones batting - Pitching for Washington State Cougars : RHP Rob Engle
Batting: LHB Dale González 0-0: Ball
1-0: Swinging Strike
1-1: Foul Ball, location: 2F
1-2: Ball
2-2: Ball
3-2: Foul Ball, location: 2F
3-2: Base on Balls
Batting: RHB Johnny Matthews 0-0: Ball
1-0: Called Strike
1-1: Ball
2-1: Swinging Strike
Dale González steals 2nd base
2-2: Ball
3-2: Intentional Walk
Batting: SHB Octávio Longoria 0-0: Ball
1-0: Sac Bunt - play at first, batter OUT! 3-4
Dale González to third
Johnny Matthews to second
Pinch Hitting: RHB Wesley Wood 0-0: Intentional Walk
Pinch Hitting: SHB Royce Griffin 0-0: Foul Ball, location: 2F
0-1: Ball
1-1: Ball
2-1: Foul Ball, location: 2F
2-2: Foul Ball, location: 2F
2-2: Strikes out swinging
Pitching: RHP Juan Domínguez
Batting: LHB Marty Gómez 0-0: Swinging Strike
0-1: Swinging Strike
0-2: Ground out 1-3 (Groundball, 15S)
Top of the 8th over - 0 runs, 0 hits, 0 errors, 3 left on base; Iowa State 4 - Washington State 2
BOTTOM OF THE 8TH
Washington State Cougars batting - Pitching for Iowa State Cyclones : RHP Samuel Simmons
Now at SS: Wesley Wood
Now in CF: Oliver Miles
Batting: LHB Bob Hayes 0-0: Ball
1-0: Called Strike
1-1: Called Strike
1-2: Foul Ball, location: 2F
1-2: Fly out, F9 (Flyball, 89D)
Batting: RHB Joe Lowe 0-0: Called Strike
0-1: Ball
1-1: Ball
2-1: Swinging Strike
2-2: Foul Ball, location: 2F
2-2: Foul Ball, location: 2F
2-2: Ball
3-2: Ground out 1-3 (Groundball, 13S)
Batting: RHB Ernest Richter 0-0: Ball
1-0: Foul Ball, location: 2F
1-1: Ball
2-1: Called Strike
2-2: Ball
3-2: Fly out, F7 (Flyball, 7LS)
Bottom of the 8th over - 0 runs, 0 hits, 0 errors, 0 left on base; Iowa State 4 - Washington State 2
TOP OF THE 9TH
Iowa State Cyclones batting - Pitching for Washington State Cougars : RHP Juan Domínguez
Pitching: RHP Victor Kocher
Batting: LHB Andrew Chambers 0-0: Ball
1-0: Fly out, F6 (Line Drive, 6)
Batting: LHB Alberto Paz 0-0: Ball
1-0: Hit by Pitch
Batting: RHB Danny Gilbert 0-0: Ball
1-0: Ball
2-0: Ball
3-0: Called Strike
3-1: Base on Balls
Alberto Paz to second
Pitching: RHP David Hicken
Batting: LHB Dale González 0-0: Called Strike
Throwing error on steal attempt, E2
Alberto Paz scores
Danny Gilbert to third
0-1: Ball
1-1: Intentional Walk
Batting: RHB Johnny Matthews 0-0: Ball
1-0: Ball
2-0: Ball
3-0: Called Strike
3-1: Foul Ball, location: 2F
3-2: Fly out, F9 (Flyball, 89M)
Runner from 3rd tags up, SCORES, throw made
Batting: SHB Octávio Longoria 0-0: Ball
1-0: Ball
2-0: Fly out, F7 (Line Drive, 7)
Top of the 9th over - 2 runs, 0 hits, 1 error, 1 left on base; Iowa State 6 - Washington State 2
BOTTOM OF THE 9TH
Washington State Cougars batting - Pitching for Iowa State Cyclones : RHP Samuel Simmons
Pitching: RHP Tom Thomas
Batting: RHB Alfonso Sánchez 0-0: Ball
1-0: Fly out, F1 (Line Drive, 13)
Batting: LHB Andrew Guerrero 0-0: Fly out, F1 (Line Drive, 13)
Batting: RHB Charlie Owens 0-0: Ball
1-0: Ball
2-0: Ball
3-0: Base on Balls
Pitching: RHP Ron Fields
Batting: LHB Sergio Molina 0-0: TRIPLE (Line Drive, 89XD)
Charlie Owens scores
Batting: RHB Riley Lewis 0-0: Called Strike
0-1: Ball
1-1: Ball
2-1: Foul Ball, location: 2F
2-2: Strikes out swinging, 2-3 out at first.
Bottom of the 9th over - 1 run, 1 hit, 0 errors, 1 left on base; Iowa State 6 - Washington State 3
Saturday, April 7th, 2018 - OOTP Baseball 18.8 Build 76